 Dungeon Crawl Stone Soup version 0.30-a0-341-g682706514a (webtiles) character file.

Game seed: 6624387666212929539

1014 JoshKwa the Chiller (level 8, -9/60 HPs)
             Began as a Green Draconian Ice Elementalist on Nov 1, 2022.
             Was an Initiate of Gozag.
             Killed by divine providence
             ... invoked by an orc priest
              (12 damage)
             ... on level 6 of the Dungeon.
             The game lasted 00:33:43 (4361 turns).

JoshKwa the Chiller (DrIE)                          Turns: 4361, Time: 00:33:43

Health: -9/60      AC:  7    Str: 10    XL:     8   Next: 1%
Magic:  8/15       EV: 17    Int: 16    God:    Gozag
Gold:   207        SH:  0    Dex: 12    Spells: 6/17 levels left

rFire   . . .      SeeInvis .    a - +1 dagger (venom)
rCold   . . .      Faith    .    (no shield)
rNeg    . . .      Spirit   .    (body armour unavailable)
rPois   +          Reflect  .    (helmet restricted)
rElec   .          Harm     .    (no cloak)
rCorr   .          Rampage  .    (no gloves)
Will    .....                    e - +0 pair of boots
Stlth   ++........               (no amulet)
HPRegen 0.30/turn                f - ring of flight
MPRegen 0.14/turn                j - +4 ring of evasion

@: flying
A: breathe noxious fumes, AC +6, unfitting armour, poison resistance,
cold-blooded, stinger 1, dopey 1
a: Breathe Noxious Fumes, Renounce Religion, Potion Petition, Call Merchant,
Bribe Branch


You were on level 6 of the Dungeon.
You worshipped Gozag.
Gozag was aware of your devotion.
You visited 1 branch of the dungeon, and saw 6 of its levels.

You collected 743 gold pieces.
You spent 44 gold pieces at shops.
You paid 492 gold pieces to Gozag.

Inventory:

Hand Weapons
 a - a +1 dagger of venom (weapon)
Armour
 e - a +0 pair of boots (worn)
Jewellery
 f - a ring of flight (left hand)
 j - a +4 ring of evasion (right hand)
Wands
 h - a wand of iceblast (9)
Scrolls
 g - a scroll of fear {unknown}
 i - a scroll of blinking
 k - a scroll of identify
 l - a scroll of summoning
 m - a scroll of amnesia {unknown}


   Skills:
 + Level 1.6 Fighting
 + Level 2.9 Short Blades
 + Level 3.7 Dodging
 + Level 2.7 Stealth
 + Level 5.0 Spellcasting
 + Level 6.5 Ice Magic


You had 6 spell levels left.
You knew the following spells:

 Your Spells              Type           Power      Damage    Failure   Level
a - Freeze                Ice            100%       1d10      1%          1
b - Frozen Ramparts       Ice            50%        1d8       3%          3
c - Ozocubu's Armour      Ice            25%        N/A       3%          3
d - Summon Ice Beast      Ice/Summ       14%        N/A       36%         4

Your spell library contained the following spells:

 Spells                   Type           Power      Damage    Failure   Level
 Ignite Poison            Fire/Tmut/Pois 4%         N/A       41%         3
 Kindle Blastsparks       Fire/Tloc/Air  8%         2d10      41%         3
 Freezing Cloud           Conj/Ice/Air   5%         6-21      86%         5


Dungeon Overview and Level Annotations

Branches:
Dungeon (6/15)             Temple (0/1) D:5

Altars:
Cheibriados
Dithmenos
Gozag
Xom
Yredelemnul

Shops:
D:3 !


Innate Abilities, Weirdness & Mutations

You can breathe blasts of noxious fumes.
Your lurid green scales are hard. (AC +6)
You cannot fit into any form of body armour.
Your system is resistant to poisons. (rPois)
You are cold-blooded and may be slowed by cold attacks.
Your tail ends in a venomous barb.
You are dopey. (Int -2)


Message History

The orc hits you from afar with a +0 trident.
The orc wizard hits you with a +0 dagger.
You feel less wooden.
Your +0 pair of boots unmelds from your body.
You feel sick. The water moccasin barely misses you. The adder misses you.
The water moccasin barely misses you. The orc misses you.
The orc wizard casts a spell at you.
The magic dart hits you but does no damage.
The orc priest invokes the aid of Beogh against you.
Beogh smites you!
* * * LOW HITPOINT WARNING * * *
Your icy armour will break if you move.
Continue? [Y]es or [N]o only, please.
Your icy armour will break if you move.
Continue?
The water moccasin attacks as you move away!
The water moccasin bites you but does no damage.
Your icy armour cracks and falls away as you move.
Found a stone staircase leading down.
You feel sick.
You are no longer poisoned.
The adder barely misses you.
The orc wizard casts a spell.
The orc wizard flickers and vanishes!
Deactivating autopickup; reactivate with Ctrl-A.
You feel more buoyant. The adder misses you.
The water moccasin barely misses you. The water moccasin closely misses you.
The adder barely misses you. The adder attacks as you move away!
The adder barely misses you.
The water moccasin attacks as you move away!
The water moccasin misses you.
The water moccasin completely misses you.
The orc priest invokes the aid of Beogh against you.
Beogh smites you!
* * * LOW HITPOINT WARNING * * *
Magic scrolls do not work when you're silenced!
The adder attacks as you move away! The adder bites you but does no damage.
Your hearing returns.
The orc priest mumbles some strange prayers to Beogh against you.
Beogh smites you!
You die...
Your body crumbles into a pile of gold.

######. ###>.....
###....... #.......
#.#.#.#### #.#@.....#
###.#SS....#
########......o.### #
#.......≈≈≈≈≈≈≈.###....
#.≈≈≈≈≈≈......≈{.....#
#.≈.....#####.≈o####.#
#.≈.####..(.#.≈o....
#.≈.#...≈≈≈.#.≈.###..
#.≈.#.≈≈._≈.#.≈.$.


You could see a water moccasin, an orc priest, an adder and 2 orcs.

Vanquished Creatures
  A troll (D:6)
  A steam dragon (D:5)
  A black bear (D:4)
  An ogre (D:5)
  A bullfrog (D:6)
  A scorpion (D:5)
  2 electric eels (D:6)
  An orc priest (D:6)
  A hound (D:5)
  Jessica (D:3)
  An iguana (D:6)
  2 orc wizards (D:6)
  A gnoll (D:1)
  2 adders (D:3)
  A shadow imp (D:6)
  2 worms
  5 orcs
  6 endoplasms
  2 giant cockroaches
  9 goblins
  4 hobgoblins
  9 jackals
  3 quokkas
  3 ball pythons
  3 bats
  6 frilled lizards
  4 kobolds
  3 rats (D:2)
  2 butterflies (D:5)
79 creatures vanquished.

Vanquished Creatures (collateral kills)
  A phantom (D:6)
  2 orcs (D:6)
3 creatures vanquished.

Grand Total: 82 creatures vanquished

Notes
Turn   | Place    | Note
-------+----------+-------------------------------------------
     0 | D:1      | JoshKwa the Draconian Ice Elementalist began the quest for
                  | the Orb.
     0 | D:1      | Reached XP level 1. HP: 14/14 MP: 3/3
   357 | D:1      | Noticed an eye of devastation
   367 | D:1      | Found a faded altar of an unknown god.
   369 | D:1      | Noticed a shining eye
   370 | D:1      | Noticed a golden eye
   370 | D:1      | Noticed an eye of devastation
   378 | D:1      | Reached XP level 2. HP: 11/20 MP: 0/5
   390 | D:1      | Prayed at the altar of an unknown god.
   390 | D:1      | Became a worshipper of Gozag Ym Sagoz the Greedy
  1054 | D:2      | Reached XP level 3. HP: 15/26 MP: 3/6
  1382 | D:2      | Gained mutation: You are clumsy. (Dex -2) [potion of
                  | mutation]
  1696 | D:3      | Noticed Jessica
  1701 | D:3      | Learned a level 3 spell: Frozen Ramparts
  1703 | D:3      | Killed Jessica
  1704 | D:3      | Reached skill level 1 in Short Blades
  1704 | D:3      | Reached XP level 4. HP: 33/33 MP: 4/8
  1821 | D:3      | Found Hudo's Distillery.
  1830 | D:3      | Bought a potion of lignification for 33 gold pieces
  1830 | D:3      | Bought a potion of degeneration for 11 gold pieces
  1954 | D:3      | Learned a level 3 spell: Ozocubu's Armour
  2183 | D:4      | Noticed a black bear
  2198 | D:4      | Killed a black bear
  2199 | D:4      | Reached XP level 5. HP: 35/39 MP: 2/10
  2330 | D:4      | Found a shadowy altar of Dithmenos.
  2599 | D:5      | Entered Level 5 of the Dungeon
  2692 | D:5      | Reached skill level 5 in Ice Magic
  2692 | D:5      | Reached XP level 6. HP: 46/46 MP: 6/11
  2739 | D:5      | Found a shimmering altar of Xom.
  2786 | D:5      | Noticed a steam dragon
  2818 | D:5      | Reached skill level 1 in Fighting
  2822 | D:5      | Killed a steam dragon
  2993 | D:5      | Found a staircase to the Ecumenical Temple.
  3426 | D:6      | Your scales start taking on a lurid green colour.
  3426 | D:6      | Reached XP level 7. HP: 45/52 MP: 2/13
  3426 | D:6      | Gained mutation: Your system is resistant to poisons.
                  | (rPois) [Green Draconian growth]
  3497 | D:6      | Noticed a troll
  3508 | D:6      | Killed a troll
  3509 | D:6      | Reached skill level 6 in Ice Magic
  3520 | D:6      | Lost mutation: You are clumsy. (Dex -2) [potion of
                  | mutation]
  3520 | D:6      | Gained mutation: You are dopey. (Int -2) [potion of
                  | mutation]
  3520 | D:6      | Gained mutation: Your tail ends in a venomous barb. [potion
                  | of mutation]
  3610 | D:6      | Learned a level 4 spell: Summon Ice Beast
  4277 | D:6      | Found a snail-covered altar of Cheibriados.
  4289 | D:6      | Found a basalt altar of Yredelemnul.
  4328 | D:6      | Reached skill level 5 in Spellcasting
  4328 | D:6      | Reached XP level 8. HP: 60/60 MP: 4/15
  4360 | D:6      | HP: 2/60 [orc priest/divine providence (14)]
  4361 | D:6      | Killed from afar by an orc priest

Illustrated notes

Levels and vault maps discovered:
D:1:      matt_arrival_spirals, layout_loops_corners,
          hellmonk_ecumenical_altar_watching_god
D:2:      layout_loops_cross
D:3:      layout_loops_ring, serial_shops, nicolae_square_shop, uniq_jessica
D:4:      layout_rooms, nicolae_overflow_crystal_walls, dk_noncrumbling_4,
          minmay_misc_feat_encased
D:5:      layout_basic, mainiacjoe_overflow_catwalk,
          minmay_temple_entry_butterflies
D:6:      layout_basic, nicolae_overflow_squiral, minmay_ruined_shrine,
          uniq_sigmund

Skill      XL: |  1  2  3  4  5  6  7 |
---------------+----------------------+-----
Dodging        | 2 3 |  3.7
Stealth        | 2 |  2.7
Short Blades   | 1 2 |  2.9
Spellcasting   | 3 4 5 |  5.0
Ice Magic      | 5 6 |  6.5
Fighting       | 1 |  1.6

Action                   |  1- 3 |  4- 6 |  7- 9 || total
-------------------------+-------+-------+-------++-------
Melee: Short sword       |    17 |       |       ||    17
       Unarmed           |     1 |       |       ||     1
       Dagger            |    51 |    55 |    38 ||   144
       Tailslap          |     5 |     4 |     9 ||    18
       Punch             |       |       |     2 ||     2
Throw: Dart              |     2 |       |       ||     2
 Cast: Freeze            |    31 |    35 |    15 ||    81
       Ozocubu's Armour  |       |     4 |     5 ||     9
       Frozen Ramparts   |       |     3 |     4 ||     7
Invok: Potion Petition   |       |     1 |     1 ||     2
 Abil: Breathe Noxious F |       |       |     2 ||     2
  Use: Potion            |     3 |     5 |     4 ||    12
       Scroll            |     4 |     3 |     2 ||     9
 Stab: Sleeping          |     1 |       |       ||     1
Armor: Skin              |    37 |    54 |    93 ||   184
Dodge: Dodged            |    78 |    88 |    62 ||   228

Table legend: (Time is in decaauts)
 A = Elapsed time spent in this place.
 B = Non-inter-level travel time spent in this place.
 C = Inter-level travel time spent in this place.
 D = Time resting spent in this place.
 E = Time spent auto-exploring this place.
 F = Levels seen in this place.
 G = Mean time per level.
                   A        B        C        D        E       F      G
               +--------+--------+--------+--------+--------+-----+--------+
         Total |   4355 |   3979 |    376 |    849 |      0 |   6 |  725.8 |
       Dungeon |   4355 |   3979 |    376 |    849 |      0 |   6 |  725.8 |
               +--------+--------+--------+--------+--------+-----+--------+

Top non-repeatable levels by time:
     D:6: 1020 daAuts
     D:2: 849 daAuts
     D:1: 805 daAuts
     D:5: 734 daAuts
     D:3: 530 daAuts
     D:4: 414 daAuts
